 Dungeon Crawl Stone Soup version 0.27-a0-1278-g6cbc8dfb29 (webtiles) character file.

Game seed: 5579877087565732333

13 Zonian the Conjurer (level 2, 20/20 HPs)
             Began as a Draconian Conjurer on June 13, 2021.
             Was a Follower of Sif Muna.
             Quit the game on level 1 of the Dungeon.
             The game lasted 00:01:38 (1247 turns).

Zonian the Conjurer (Draconian Conjurer)            Turns: 1247, Time: 00:01:39

Health: 20/20      AC:  4    Str:  9    XL:     2   Next: 24%
Magic:  5/5        EV: 12    Int: 18    God:    Sif Muna [*.....]
Gold:   10         SH:  0    Dex:  9    Spells: 4/5 levels left

rFire    . . .     SeeInvis .   (no weapon)
rCold    . . .     Faith    .   (no shield)
rNeg     . . .     Spirit   .   (armour unavailable)
rPois    .         Reflect  .   (helmet restricted)
rElec    .         Harm     .   (no cloak)
rCorr    .         Rampage  .   (no gloves)
Will     .....                  (no boots)
Stlth    ++........             (no amulet)
HPRegen  0.06/turn              (no ring)
MPRegen  0.09/turn              (no ring)

@: no status effects
A: AC +4, unfitting armour, cold-blooded
a: Renounce Religion, Channel Magic


You were on level 1 of the Dungeon.
You worshipped Sif Muna.
Sif Muna was aware of your devotion.
You visited 1 branch of the dungeon, and saw 2 of its levels.

You collected 10 gold pieces.

Inventory:

Magical Staves
 c - a staff of death
Scrolls
 a - 2 scrolls of teleportation {unknown}
Potions
 b - a potion of flight {unknown}
 d - a potion of mutation {unknown}


   Skills:
 + Level 1.8 Dodging
 + Level 1.8 Stealth
 + Level 2.1 Spellcasting
 + Level 4.3 Conjurations


You had 4 spell levels left.
You knew the following spells:

 Your Spells              Type           Power      Damage    Failure   Level
a - Magic Dart            Conj           68%        1d6       3%          1

Your spell library contained the following spells:

 Spells                   Type           Power      Damage    Failure   Level
 Searing Ray              Conj           34%        3d4       4%          2
 Dazzling Flash           Conj/Hex       18%        N/A       22%         3
 Fulminant Prism          Conj/Hex       4%         3d6       58%         4
 Iskenderun's Mystic Bla  Conj/Tloc      9%         2d4       58%         4


Dungeon Overview and Level Annotations

Branches:
Dungeon (2/15)

Altars:
Sif Muna

Shops:
D:1 [


Innate Abilities, Weirdness & Mutations

Your plain brown scales are hard. (AC +4)
You cannot fit into any form of body armour.
You are cold-blooded and may be slowed by cold attacks.


Message History

Really attack while wielding nothing? [Y]es or [N]o only, please.
Really attack while wielding nothing? [Y]es or [N]o only, please.
Really attack while wielding nothing? [Y]es or [N]o only, please.
Really attack while wielding nothing? [Y]es or [N]o only, please.
Really attack while wielding nothing?
Okay, then.
The magic dart hits the jackal.
The jackal is severely wounded.
The jackal closely misses you.
You miscast Magic Dart.
You are very lightly contaminated with residual magic.
Nothing appears to happen.
The jackal closely misses you.
Unknown command.
The magic dart hits the jackal.
The jackal is almost dead.
The jackal misses you.
The magic dart hits the jackal.
You kill the jackal!
Sif Muna accepts your kill.
You can't see any susceptible monsters within range! (Use Z to cast anyway.) Unknown command.
You see here a jackal corpse.
There is a stone staircase leading up here.
A giant cockroach is nearby!
A giant cockroach is nearby!
Unknown command.
You climb upwards.
Your magical contamination has completely faded away.
There is a stone staircase leading down here.
Unknown command.
You start resting.
Magic restored.
You start waiting.
Done waiting.
Unknown command.
Are you sure you want to abandon this character and quit the game? (Confirm with "yes".)

#.# ######♣≈≈≈≈≈........
#.# #P≈≈≈≈P...♣#... #.#
##PP≈≈≈≈..≈P≈... #.#
##≈≈≈≈≈≈...≈≈≈♣.. #.#
#P≈≈≈≈P≈...≈≈≈♣.. #.#
#♣P≈≈≈≈P≈..≈≈≈♣♣. #.#
♣♣≈≈≈P≈...≈≈≈♣♣. #.#
##♣≈≈PP≈≈..≈P≈≈♣♣# #.#
#@≈P≈≈≈≈.≈..≈≈≈♣♣. #.#
#.♣≈≈≈≈P≈...≈≈≈♣♣# #.#
#.#♣♣♣≈≈≈...≈≈♣♣## #.# #.#
#≈≈...≈≈♣♣.# ####.#####.#
##♣≈..≈♣≈#.# #.......##.#
###...≈♣.#.# #..........##
#.....≈♣...#
#.......#...###.###.#...##
#########.#...........#..##


There were no monsters in sight!

Vanquished Creatures
  An endoplasm (D:1)
  2 goblins (D:1)
  A hobgoblin (D:1)
  A jackal (D:2)
  3 bats (D:1)
  2 frilled lizards (D:1)
  4 rats (D:1)
14 creatures vanquished.

Notes
Turn   | Place    | Note
-------+----------+-------------------------------------------
     0 | D:1      | Zonian the Draconian Conjurer began the quest for the Orb.
     0 | D:1      | Reached XP level 1. HP: 14/14 MP: 3/3
   714 | D:1      | Reached XP level 2. HP: 20/20 MP: 3/5
   746 | D:1      | Found a faded altar of an unknown god.
   747 | D:1      | Found Horchut's Armour Shop.
   757 | D:1      | Became a worshipper of Sif Muna the Loreminder
   757 | D:1      | Reached * piety under Sif Muna
  1247 | D:1      | Quit the game

Illustrated notes

Levels and vault maps discovered:
D:1:      wander_arrival_desolate, layout_rooms, basic_ecumenical_altar,
          serial_shops, nicolae_shop_statue_plus, serial_bayou_ford_a
D:2:      kennysheep_six_static_rooms, layout_loops_ring

Action                   || total
-------------------------++-------
Melee: Unarmed           ||    26
       Tailslap          ||     2
 Cast: Magic Dart        ||    20
Armor: Skin              ||     2
Dodge: Dodged            ||    22

Table legend: (Time is in decaauts)
 A = Elapsed time spent in this place.
 B = Non-inter-level travel time spent in this place.
 C = Inter-level travel time spent in this place.
 D = Time resting spent in this place.
 E = Time spent auto-exploring this place.
 F = Levels seen in this place.
 G = Mean time per level.
                   A        B        C        D        E       F      G
               +--------+--------+--------+--------+--------+-----+--------+
         Total |   1259 |   1212 |     47 |    609 |    503 |   2 |  629.5 |
       Dungeon |   1259 |   1212 |     47 |    609 |    503 |   2 |  629.5 |
               +--------+--------+--------+--------+--------+-----+--------+

Top non-repeatable levels by time:
     D:1: 1247 daAuts
     D:2: 11 daAuts
